 Dungeon Crawl Stone Soup version 0.24-a0-408-gcc1054c7ca (webtiles) character file.

Game seed: 13773980429094096154

465 Peloso the Shield-Bearer (level 6, 0/56 HPs)
             Began as a Minotaur Fighter on June 5, 2019.
             Killed by divine providence
             ... invoked by an orc priest
              (11 damage)
             ... on level 4 of the Dungeon.
             The game lasted 00:07:51 (3052 turns).

Peloso the Shield-Bearer (Minotaur Fighter)         Turns: 3052, Time: 00:07:51

Health: 0/56       AC: 12    Str: 21    XL:     6   Next: 80%
Magic:  5/5        EV:  2    Int:  5    God:
Gold:   171        SH: 10    Dex: 11    Spells: 5/5 levels left

rFire    + . .     SeeInvis .   a - +0 long sword
rCold    x . .     Gourm    .   c - +0 shield
rNeg     . . .     Faith    .   t - +0 plate armour
rPois    .         Spirit   .   (helmet restricted)
rElec    .         Reflect  .   v - scarf {repulsion}
rCorr    .         Harm     .   (no gloves)
MR       .....                  (no boots)
Stlth    ..........             (no amulet)
HPRegen  0.18/turn              g - -2 ring of evasion (curse)
MPRegen  0.09/turn              s - ring of fire

@: slowed, repel missiles, very slow
A: retaliatory headbutt, horns 2
a: no special abilities


You were on level 4 of the Dungeon.
You were not hungry.

You visited 1 branch of the dungeon, and saw 4 of its levels.

You collected 171 gold pieces.

Inventory:

Hand Weapons
 a - a +0 long sword (weapon)
Armour
 b - a +0 scale mail
 c - a +0 shield (worn)
 h - a scarf of repulsion
 m - a scarf of spirit shield
 t - a +0 plate armour (worn)
 v - a scarf of repulsion (worn)
Jewellery
 g - a cursed -2 ring of evasion (left hand)
 s - a ring of fire (right hand)
Wands
 q - a wand of polymorph (14)
Scrolls
 i - 2 scrolls of fog {unknown}
 j - a scroll of identify
 k - a scroll of fear {unknown}
 n - a scroll of random uselessness {unknown}
 w - a scroll of amnesia {unknown}
 x - a scroll of enchant weapon {unknown}
Potions
 d - a potion of might
 e - 2 potions of agility
 l - 3 potions of flight
 o - a potion of cancellation
 p - a potion of curing
 r - a potion of berserk rage
 u - a potion of brilliance {unknown}
 z - a potion of invisibility {unknown}
 A - a potion of mutation {unknown}
Comestibles
 f - 13 rations
 B - 3 chunks of flesh


   Skills:
 + Level 5.2 Fighting
 + Level 5.0 Long Blades
 + Level 5.4 Armour
 + Level 1.1 Dodging
 + Level 0.2 Stealth
 + Level 5.5 Shields
 + Level 1.0 Unarmed Combat


You had 5 spell levels left.
You didn't know any spells.
Your spell library was empty.

Dungeon Overview and Level Annotations

Branches:
Dungeon (4/15)
 Temple: D:4-7

Altars:
The Shining One


Innate Abilities, Weirdness & Mutations

You reflexively headbutt those who attack you in melee.
You have a pair of horns on your head.


Message History

Unknown command.
Your shield and plate armour prevent you from hitting the orc wizard.
The orc wizard is almost dead.
The orc wizard gestures wildly while chanting.
The orc wizard blinks!
The orc priest looks encouraged for a moment.
The orc priest calls down the wrath of Beogh upon you.
You barely resist. You closely miss the orc priest.
The orc priest barely misses you. You furiously retaliate!
You headbutt the orc priest.
The orc priest hits you but does no damage.
The orc wizard gestures wildly while chanting.
The orc wizard blinks!
Unknown command.
You hit the orc priest. Your headbutt misses the orc priest.
The orc priest is heavily wounded.
You block the orc priest's attack.
The orc priest calls down the wrath of Beogh upon you.
Beogh smites you!
You die...

#.. #.# #.# #.# #.#
#########.###
#$....o..o†.#
#.......#o#.#
#.......#@#.# #########
#.o..o..+.#.# #.......#
.o.......###.####.......#
.o.......# #.#..'.......#
....######
#.#.##.......### ####
#.......#..).)).
###.###.#...####
#.#.......# #.#.#.....#


You could see 2 orc priests.

Vanquished Creatures
  A phantom (D:4)
  An orc priest (D:4)
  Ijyb (D:3)
  3 orc wizards (D:4)
  4 worker ants
  A worker ant zombie (D:3)
  4 adders (D:2)
  An ooze (D:1)
  3 worms
  4 leopard geckos
  12 orcs
  2 ball pythons
  7 bats
  A giant cockroach (D:2)
  9 goblins
  5 hobgoblins (D:2)
  4 jackals (D:4)
  A quokka (D:3)
  2 frilled lizards
  4 kobolds
  26 rats
96 creatures vanquished.

Notes
Turn   | Place    | Note
-------+----------+-------------------------------------------
     0 | D:1      | Peloso the Minotaur Fighter began the quest for the Orb.
     0 | D:1      | Reached XP level 1. HP: 19/19 MP: 0/0
   238 | D:1      | Reached XP level 2. HP: 27/27 MP: 1/1
   250 | D:1      | You fall into a shaft and drop 1 floor!
   258 | D:2      | Reached XP level 3. HP: 27/33 MP: 2/2
   669 | D:2      | Reached XP level 4. HP: 26/40 MP: 3/3
  1654 | D:3      | Noticed Ijyb
  1729 | D:3      | Killed Ijyb
  1729 | D:3      | Reached XP level 5. HP: 47/47 MP: 4/4
  2194 | D:3      | Found a glowing golden altar of the Shining One.
  2566 | D:4      | Reached skill level 5 in Armour
  2566 | D:4      | Reached skill level 5 in Shields
  2732 | D:4      | Noticed a phantom
  2755 | D:4      | Killed a phantom
  2755 | D:4      | Reached skill level 1 in Dodging
  2755 | D:4      | Reached skill level 1 in Unarmed Combat
  2755 | D:4      | Reached XP level 6. HP: 44/55 MP: 5/5
  2913 | D:4      | Reached skill level 5 in Fighting
  2978 | D:4      | Reached skill level 5 in Long Blades
  3052 | D:4      | Killed from afar by an orc priest

Levels and vault maps discovered:
D:1:      ncdulo_smallfort, layout_basic, grunt_decor_fettered
D:2:      layout_loops_ring
D:3:      layout_loops_ring, overflow_temple_1_default, first_ration,
          minmay_rat_hole, uniq_ijyb
D:4:      layout_basic

Skill      XL: |  1  2  3  4  5  6 |
---------------+-------------------+-----
Fighting       | 4 5 |  5.2
Armour         | 4 5 |  5.4
Shields        | 4 5 |  5.5
Long Blades    | 3 4 5 |  5.0
Dodging        | 1 |  1.1
Unarmed Combat | 1 |  1.0
Stealth        | |  0.2

Action                   |  1- 3 |  4- 6 || total
-------------------------+-------+-------++-------
Melee: Long sword        |    50 |   245 ||   295
       Headbutt          |     9 |    43 ||    52
       Unarmed           |       |     5 ||     5
  Use: Scroll            |       |     5 ||     5
  Eat: Chunk             |       |     7 ||     7
Armor: Scale mail        |    31 |    52 ||    83
       Plate armour      |       |   128 ||   128
Dodge: Dodged            |    18 |    34 ||    52
Block: Shield            |    29 |   120 ||   149
       Rpst.: Long sword |     5 |    11 ||    16

Table legend:
 A = Non-vault XP
 B = Vault XP
 C = Vault XP percentage of total XP
 D = Non-vault monster count
 E = Vault monster count
 F = Vault count percentage of total count
                 A         B        C        D         E       F
            +---------+---------+-------+---------+---------+-------
      Total |     609 |      56 |   8.4 |      76 |      20 |  20.8
            +---------+---------+-------+---------+---------+-------
        D:1 |      28 |       0 |   0.0 |      15 |       0 |   0.0
        D:2 |      97 |       0 |   0.0 |      24 |       0 |   0.0
        D:3 |      80 |      56 |  41.2 |      15 |      20 |  57.1
        D:4 |     404 |       0 |   0.0 |      22 |       0 |   0.0
            +---------+---------+-------+---------+---------+-------
